Panthers vs Devils

Created - April 21, 2016 at 18:10

Goals
1 2 3 T
Panthers 1 0 3 4
Devils 2 0 0 2
Shots
1 2 3 T
Panthers 6 4 10 20
Devils 13 6 13 32

1st period

1. Panthers , Blake Wheeler 4 (Patrick Kane, Danny DeKeyser) at 0:08
2. Devils , Trevor Daley 3 (Valtteri Filppula, Dan Hamhuis) at 2:48 (PP)
3. Devils , Dougie Hamilton 2 (Valtteri Filppula, Anton Stralman) at 13:45 (PP)

Penalties :
Henrik Zetterberg (FLA) for Roughing (Minor) at 0:13, Danny DeKeyser (FLA) for Roughing (Minor) at 2:22, Blake Wheeler (FLA) for Interference (Minor) at 8:41, Kyle Quincey (FLA) for Interference (Minor) at 12:24, Dougie Hamilton (NJD) for Holding (Minor) at 16:14

2nd period

No Goal

Penalties :
Mark Borowiecki (FLA) for Hooking (Minor) at 4:37, Drew Stafford (NJD) for Tripping (Minor) at 11:07, Tommy Wingels (NJD) for Elbowing (Minor) at 15:10

3rd period

4. Panthers , Vladimir Tarasenko 3 (Pavel Datsyuk, Henrik Zetterberg) at 6:26
5. Panthers , Pavel Datsyuk 3 (Vladimir Tarasenko) at 6:38
6. Panthers , Eric Nystrom 2 (Jeff Petry, Riley Nash) at 6:44

Penalties :
Brandon Sutter (NJD) for Interference (Minor) at 7:48, Kyle Quincey (FLA) for Hooking (Minor) at 13:49

Goalie Stats

Semyon Varlamov (FLA), 30 saves from 32 shots - (0.938), W, 5-3-0, 60:00 minutes
Corey Crawford (NJD), 12 saves from 16 shots - (0.750), L, 5-2-2, 46:44 minutes
Michal Neuvirth (NJD), 4 saves from 4 shots - (1.000), 13:16 minutes

Players Stats for Panthers

Player Name              G  A  P  +/- PIM S  H  SB GA TA FO     MP     PP MP  PK MP  
------------------------------------------------------------------------------------
Blake Wheeler            1  0  1   1  2   4  5  0  0  0  0/1    20:52   3:26   3:05 
Curtis Glencross         0  0  0   0  0   0  0  0  0  0  0/0    11:29   0:00   0:00 
Danny DeKeyser           0  1  1   1  2   0  2  3  0  0  0/0    22:06   1:25   4:43 
Eric Nystrom             1  0  1   1  0   2  1  1  0  0  0/2     7:55   0:00   5:29 
Henrik Zetterberg        0  1  1   2  2   1  1  0  0  0  1/1    18:33   4:30   0:00 
Jeff Petry               0  1  1   1  0   0  0  1  0  0  0/0    16:00   3:39   0:58 
Jori Lehtera             0  0  0   0  0   1  0  0  0  0  7/14   11:29   0:00   0:00 
Kyle Quincey             0  0  0   2  4   0  3  4  0  0  0/0    21:34   3:05   3:32 
Marc Staal               0  0  0   2  0   0  0  2  0  0  0/0    23:05   2:52   5:14 
Mark Borowiecki          0  0  0   1  2   0  1  2  0  0  0/0    11:56   0:34   0:00 
Marko Dano               0  0  0   0  0   2  1  0  0  0  0/0    11:29   0:00   0:00 
Nathan MacKinnon         0  0  0   1  0   0  0  0  0  0  11/28  17:48   3:26   0:00 
Patrick Kane             0  1  1   1  0   2  0  0  0  0  0/0    17:48   3:26   0:00 
Pavel Datsyuk            1  1  2   2  0   2  2  0  0  0  12/32  22:48   4:30   4:14 
Pierre-Edouard Bellemare 0  0  0   1  0   0  0  0  0  0  0/0     3:32   0:00   1:06 
Riley Nash               0  1  1   1  0   0  0  0  0  0  11/16   7:58   0:00   5:32 
T.J. Brodie              0  0  0   1  0   1  1  2  0  0  0/0    25:15   4:17   4:59 
Vladimir Tarasenko       1  1  2   2  0   5  1  0  0  0  0/0    18:34   4:30   0:00 

Players Stats for Devils

Player Name              G  A  P  +/- PIM S  H  SB GA TA FO     MP     PP MP  PK MP  
------------------------------------------------------------------------------------
Ales Hemsky              0  0  0   0  0   0  0  0  0  0  1/2     2:57   0:00   0:00 
Anton Stralman           0  1  1  -3  0   1  1  2  0  0  0/0    21:36   5:11   2:37 
Brandon Sutter           0  0  0   0  2   1  2  0  0  0  0/0    15:53   0:00   0:00 
Dan Hamhuis              0  1  1   0  0   2  2  0  0  0  0/0    19:10   4:32   0:00 
Darren Helm              0  0  0  -1  0   1  1  0  0  0  1/1     9:43   0:00   0:17 
Derek Roy                0  0  0   0  0   0  0  0  0  0  0/0     1:36   0:00   1:36 
Dougie Hamilton          1  0  1  -3  2   5  3  1  0  0  0/0    23:25   5:11   3:23 
Drew Stafford            0  0  0   0  2   2  1  0  0  0  0/0    21:40   4:47   1:00 
James Neal               0  0  0  -3  0   6  2  1  0  0  0/1    19:00   4:56   0:00 
Johan Franzen            0  0  0  -3  0   0  2  0  0  0  1/2    18:51   4:47   0:00 
Justin Schultz           0  0  0  -1  0   0  0  3  0  0  0/0    15:14   0:00   1:19 
Michal Rozsival          0  0  0   0  0   0  0  0  0  0  0/0     0:01   0:00   0:00 
Mikko Koivu              0  0  0   0  0   3  1  0  0  0  13/28  23:13   4:56   2:23 
Nick Schultz             0  0  0  -1  0   0  1  0  0  0  0/0    17:35   0:00   3:40 
Tommy Wingels            0  0  0  -1  2   0  0  0  0  0  0/0    14:08   0:00   1:46 
Trevor Daley             1  0  1   0  0   1  0  1  0  0  0/0    22:58   4:32   4:53 
Tyler Johnson            0  0  0  -3  0   6  0  1  0  0  24/34  22:57   4:56   3:57 
Valtteri Filppula        0  2  2  -1  0   4  0  1  0  0  12/26  22:03   4:47   4:53 

3 Stars

1 - Pavel Datsyuk (FLA)
2 - Vladimir Tarasenko (FLA)
3 - Blake Wheeler (FLA)

Power Play

Panthers - 0 on 4 Attempt(s) - 0.00%
Devils - 2 on 6 Attempt(s) - 33.33%

Penalty Kill

Panthers - 4 on 6 Attempt(s) - 66.67% - Score 0 goal in Penalty Kill
Devils - 4 on 4 Attempt(s) - 100.00% - Score 0 goal in Penalty Kill

Team Stat

Panthers - Hits : 18 - Faceoff Wins : 42 - Blocked Shots : 15 - Penalty Minutes : 12
Devils - Hits : 16 - Faceoff Wins : 52 - Blocked Shots : 10 - Penalty Minutes : 8

Official

Referees : Dan O'Halloran and Wes McCauley
Linesman : Scott Driscoll and Darren Gibbs

Game Notes

Michal Neuvirth enters game at 6:44 of 3rd period

Finance

Level 1 -- Attendance: 4569 (76.15%) -- Ticket Income $822,420
Level 2 -- Attendance: 3769 (75.38%) -- Ticket Income $493,739
Level 3 -- Attendance: 1945 (97.25%) -- Ticket Income $247,015
Level 4 -- Attendance: 1533 (42.29%) -- Ticket Income $137,970
Luxury Box -- Attendance: 831 (83.10%) -- Ticket Income $245,145
Game was played at the Prudential Center.
Total Attendance: 12647 (71.76%)
Total Ticket Income: $1,946,289
Other Income: $291,943
Total Income: $2,238,232

% Time on Ice - Panthers

Lines # - Real PCT - Wanted PCT - Time Play
Normal Forward
1 - 34% - 37% - 14:22
2 - 33% - 35% - 14:04
3 - 27% - 22% - 11:29
4 - 6% - 6% - 2:26
Normal Defense
1 - 38% - 41% - 15:59
2 - 35% - 39% - 14:59
3 - 27% - 20% - 11:23
4 - 0% - 0% - 0:00
PP Forward
1 - 43% - 50% - 3:26
2 - 57% - 50% - 4:30
PP Defense
1 - 54% - 55% - 4:17
2 - 46% - 45% - 3:39
PK Forward
1 - 60% - 60% - 5:50
2 - 40% - 40% - 3:53
PK Defense
1 - 41% - 60% - 4:01
2 - 59% - 40% - 5:42
PK3 Forward
1 - 0% - 60%
2 - 0% - 40%
PK3 Defense
1 - 0% - 60%
2 - 0% - 40%
44 Forward
1 - 0% - 60%
2 - 0% - 40%
44 Defense
1 - 0% - 60%
2 - 0% - 40%
Last Minute Offensive  - 0:00
Last Minute Defensive  - 0:00
Total
Forward - 60:00
Defense - 60:00

% Time on Ice - Devils

Lines # - Real PCT - Wanted PCT - Time Play
Normal Forward
1 - 33% - 35% - 14:04
2 - 38% - 33% - 15:54
3 - 22% - 22% - 9:26
4 - 7% - 10% - 2:57
Normal Defense
1 - 33% - 35% - 13:48
2 - 35% - 35% - 14:38
3 - 33% - 30% - 13:55
4 - 0% - 0% - 0:00
PP Forward
1 - 51% - 50% - 4:56
2 - 49% - 50% - 4:47
PP Defense
1 - 53% - 60% - 5:11
2 - 47% - 40% - 4:32
PK Forward
1 - 70% - 60% - 5:33
2 - 30% - 40% - 2:23
PK Defense
1 - 38% - 50% - 3:03
2 - 62% - 50% - 4:53
PK3 Forward
1 - 0% - 50%
2 - 0% - 50%
PK3 Defense
1 - 0% - 50%
2 - 0% - 50%
44 Forward
1 - 0% - 60%
2 - 0% - 40%
44 Defense
1 - 0% - 60%
2 - 0% - 40%
Last Minute Offensive  - 0:00
Last Minute Defensive  - 0:00
Total
Forward - 60:00
Defense - 60:00

Play by Play

1st period


0:01 of 1st period - Tyler Johnson wins face-off versus Nathan MacKinnon in neutral zone.
0:06 of 1st period - Shot by Blake Wheeler.
0:06 of 1st period - Deflect By Patrick Kane.
0:06 of 1st period - Shot Misses the Net.
0:08 of 1st period - Shot by Blake Wheeler.
0:08 of 1st period - Goal by Blake Wheeler - Panthers : 1 - Devils : 0.
0:09 of 1st period - Pavel Datsyuk wins face-off versus Mikko Koivu in neutral zone.
0:12 of 1st period - Trevor Daley is hit by Henrik Zetterberg and loses puck.
0:13 of 1st period - Minor Penalty to Henrik Zetterberg for Roughing.
0:14 of 1st period - Mikko Koivu wins face-off versus Riley Nash in Panthers zone.
0:19 of 1st period - Shot by Anton Stralman.
0:19 of 1st period - Shot Misses the Net.
0:25 of 1st period - Shot by James Neal.
0:25 of 1st period - Deflect By Tyler Johnson.
0:25 of 1st period - Shot Misses the Net.
0:27 of 1st period - Shot by Dougie Hamilton.
0:27 of 1st period - Shot Misses the Net.
0:31 of 1st period - Shot by Anton Stralman.
0:31 of 1st period - Shot Misses the Net.
0:33 of 1st period - Shot by Anton Stralman.
0:33 of 1st period - Shot Blocked by Danny DeKeyser.
0:35 of 1st period - Shot by Anton Stralman.
0:35 of 1st period - Shot Misses the Net.
0:37 of 1st period - Shot by Dougie Hamilton.
0:37 of 1st period - Stopped by Semyon Varlamov without a rebound.
0:38 of 1st period - Valtteri Filppula wins face-off versus Pavel Datsyuk in Panthers zone.
1:53 of 1st period - Shot by James Neal.
1:53 of 1st period - Shot Blocked by Kyle Quincey.
2:19 of 1st period - Shot by Valtteri Filppula.
2:19 of 1st period - Stopped by Semyon Varlamov without a rebound.
2:20 of 1st period - Valtteri Filppula wins face-off versus Jori Lehtera in Panthers zone.
2:22 of 1st period - Minor Penalty to Danny DeKeyser for Roughing.
2:23 of 1st period - Riley Nash wins face-off versus Johan Franzen in Panthers zone.
2:48 of 1st period - Shot by Trevor Daley.
2:48 of 1st period - Goal by Trevor Daley - Panthers : 1 - Devils : 1.
2:49 of 1st period - Mikko Koivu wins face-off versus Jori Lehtera in neutral zone.
3:09 of 1st period - Icing by Marko Dano.
3:10 of 1st period - Tyler Johnson wins face-off versus Jori Lehtera in Panthers zone.
3:46 of 1st period - Icing by Dan Hamhuis.
3:47 of 1st period - Tyler Johnson wins face-off versus Pavel Datsyuk in Devils zone.
4:04 of 1st period - Shot by Vladimir Tarasenko.
4:04 of 1st period - Shot Misses the Net.
4:12 of 1st period - Shot by Pavel Datsyuk.
4:12 of 1st period - Shot Misses the Net.
4:59 of 1st period - Shot by Drew Stafford.
4:59 of 1st period - Shot Blocked by Kyle Quincey.
5:26 of 1st period - Icing by Jeff Petry.
5:27 of 1st period - Valtteri Filppula wins face-off versus Nathan MacKinnon in Panthers zone.
5:36 of 1st period - Shot by Valtteri Filppula.
5:36 of 1st period - Stopped by Semyon Varlamov without a rebound.
5:37 of 1st period - Nathan MacKinnon wins face-off versus Valtteri Filppula in Panthers zone.
5:46 of 1st period - Shot by Patrick Kane.
5:46 of 1st period - Stopped by Corey Crawford without a rebound.
5:47 of 1st period - Nathan MacKinnon wins face-off versus Ales Hemsky in Devils zone.
5:47 of 1st period - Nathan MacKinnon is hit by Anton Stralman.
6:02 of 1st period - Valtteri Filppula is hit by T.J. Brodie and loses puck.
6:11 of 1st period - Shot by Blake Wheeler.
6:11 of 1st period - Shot Misses the Net.
6:18 of 1st period - Icing by Valtteri Filppula.
6:19 of 1st period - Riley Nash wins face-off versus Valtteri Filppula in Devils zone.
6:27 of 1st period - Icing by Anton Stralman.
6:28 of 1st period - Jori Lehtera wins face-off versus Valtteri Filppula in Devils zone.
6:28 of 1st period - Jori Lehtera is hit by Dougie Hamilton.
6:47 of 1st period - Off-side.
6:48 of 1st period - Mikko Koivu wins face-off versus Nathan MacKinnon in neutral zone.
7:12 of 1st period - Shot by Patrick Kane.
7:12 of 1st period - Shot Misses the Net.
7:14 of 1st period - Shot by Blake Wheeler.
7:14 of 1st period - Shot Misses the Net.
7:31 of 1st period - Icing by Brandon Sutter.
7:32 of 1st period - Mikko Koivu wins face-off versus Pavel Datsyuk in Devils zone.
8:17 of 1st period - Shot by Tyler Johnson.
8:17 of 1st period - Shot Misses the Net.
8:22 of 1st period - Icing by T.J. Brodie.
8:23 of 1st period - Darren Helm wins face-off versus Pavel Datsyuk in Panthers zone.
8:32 of 1st period - Shot by Valtteri Filppula.
8:32 of 1st period - Stopped by Semyon Varlamov without a rebound.
8:33 of 1st period - Valtteri Filppula wins face-off versus Nathan MacKinnon in Panthers zone.
8:41 of 1st period - Minor Penalty to Blake Wheeler for Interference.
8:42 of 1st period - Riley Nash wins face-off versus James Neal in Panthers zone.
8:55 of 1st period - Shot by Dougie Hamilton.
8:55 of 1st period - Shot Blocked by Kyle Quincey.
8:57 of 1st period - Shot by Dougie Hamilton.
8:57 of 1st period - Shot Misses the Net.
9:08 of 1st period - Mikko Koivu is hit by Kyle Quincey and loses puck.
9:13 of 1st period - Shot by James Neal.
9:13 of 1st period - Shot Misses the Net.
9:15 of 1st period - Shot by Anton Stralman.
9:15 of 1st period - Shot Misses the Net.
9:17 of 1st period - Shot by Tyler Johnson.
9:17 of 1st period - Stopped by Semyon Varlamov without a rebound.
9:18 of 1st period - Valtteri Filppula wins face-off versus Riley Nash in Panthers zone.
9:33 of 1st period - Valtteri Filppula is hit by Eric Nystrom and loses puck.
10:14 of 1st period - Shot by Dougie Hamilton.
10:14 of 1st period - Shot Misses the Net.
10:31 of 1st period - Shot by Mikko Koivu.
10:31 of 1st period - Stopped by Semyon Varlamov with a rebound.
10:50 of 1st period - Icing by Mark Borowiecki.
10:51 of 1st period - Jori Lehtera wins face-off versus Valtteri Filppula in Panthers zone.
11:06 of 1st period - Shot by Marko Dano.
11:06 of 1st period - Stopped by Corey Crawford without a rebound.
11:07 of 1st period - Nathan MacKinnon wins face-off versus Mikko Koivu in Devils zone.
11:27 of 1st period - Icing by Dan Hamhuis.
11:28 of 1st period - Mikko Koivu wins face-off versus Pavel Datsyuk in Devils zone.
11:41 of 1st period - Shot by Vladimir Tarasenko.
11:41 of 1st period - Stopped by Corey Crawford with a rebound.
11:44 of 1st period - Icing by Dan Hamhuis.
11:45 of 1st period - Mikko Koivu wins face-off versus Nathan MacKinnon in Devils zone.
11:45 of 1st period - Mikko Koivu is hit by Blake Wheeler.
12:24 of 1st period - Minor Penalty to Kyle Quincey for Interference.
12:25 of 1st period - Riley Nash wins face-off versus Mikko Koivu in Panthers zone.
12:42 of 1st period - Shot by James Neal.
12:42 of 1st period - Stopped by Semyon Varlamov without a rebound.
12:43 of 1st period - Valtteri Filppula wins face-off versus Riley Nash in Panthers zone.
12:58 of 1st period - Riley Nash is hit by Johan Franzen.
13:06 of 1st period - Shot by Drew Stafford.
13:06 of 1st period - Stopped by Semyon Varlamov without a rebound.
13:07 of 1st period - Mikko Koivu wins face-off versus Riley Nash in Panthers zone.
13:24 of 1st period - Shot by Mikko Koivu.
13:24 of 1st period - Deflect By James Neal.
13:24 of 1st period - Shot Misses the Net.
13:26 of 1st period - Shot by James Neal.
13:26 of 1st period - Stopped by Semyon Varlamov without a rebound.
13:27 of 1st period - Riley Nash wins face-off versus Valtteri Filppula in Panthers zone.
13:33 of 1st period - Icing by Valtteri Filppula.
13:34 of 1st period - Valtteri Filppula wins face-off versus Eric Nystrom in Devils zone.
13:45 of 1st period - Shot by Dougie Hamilton.
13:45 of 1st period - Goal by Dougie Hamilton - Panthers : 1 - Devils : 2.
13:46 of 1st period - Pavel Datsyuk wins face-off versus Tyler Johnson in neutral zone.
13:49 of 1st period - Shot by Vladimir Tarasenko.
13:49 of 1st period - Stopped by Corey Crawford without a rebound.
13:50 of 1st period - Tyler Johnson wins face-off versus Nathan MacKinnon in Devils zone.
13:50 of 1st period - Dougie Hamilton is hit by Blake Wheeler and loses puck.
13:58 of 1st period - Shot by Tyler Johnson.
13:58 of 1st period - Stopped by Semyon Varlamov with a rebound.
14:03 of 1st period - Icing by Danny DeKeyser.
14:04 of 1st period - Nathan MacKinnon wins face-off versus Valtteri Filppula in Panthers zone.
14:14 of 1st period - Icing by Danny DeKeyser.
14:15 of 1st period - Tyler Johnson wins face-off versus Nathan MacKinnon in Panthers zone.
14:30 of 1st period - Shot by Patrick Kane.
14:30 of 1st period - Shot Misses the Net.
14:39 of 1st period - Danny DeKeyser is hit by Johan Franzen and loses puck.
14:58 of 1st period - Shot by Tyler Johnson.
14:58 of 1st period - Shot Misses the Net.
15:21 of 1st period - Pavel Datsyuk is hit by Dougie Hamilton and loses puck.
15:49 of 1st period - Shot by Pavel Datsyuk.
15:49 of 1st period - Shot Blocked by Anton Stralman.
16:14 of 1st period - Minor Penalty to Dougie Hamilton for Holding.
16:15 of 1st period - Nathan MacKinnon wins face-off versus Mikko Koivu in Devils zone.
16:31 of 1st period - Blake Wheeler is hit by Nick Schultz and loses puck.
18:12 of 1st period - Shot by Vladimir Tarasenko.
18:12 of 1st period - Shot Blocked by Trevor Daley.
18:14 of 1st period - Shot by Pavel Datsyuk.
18:14 of 1st period - Stopped by Corey Crawford without a rebound.
18:15 of 1st period - Jori Lehtera wins face-off versus Mikko Koivu in Devils zone.
18:47 of 1st period - Shot by Jori Lehtera.
18:47 of 1st period - Shot Misses the Net.
18:51 of 1st period - Shot by Jori Lehtera.
18:51 of 1st period - Shot Blocked by Dougie Hamilton.
18:58 of 1st period - Icing by Dan Hamhuis.
18:59 of 1st period - Riley Nash wins face-off versus Mikko Koivu in Devils zone.
19:47 of 1st period - Shot by Darren Helm.
19:47 of 1st period - Stopped by Semyon Varlamov without a rebound.
19:48 of 1st period - Tyler Johnson wins face-off versus Pavel Datsyuk in Panthers zone.
Goals for this period are 1 for Panthers vs 2 for Devils.
Shots for this period are 6 for Panthers vs 13 for Devils.

2nd period


0:01 of 2nd period - Pavel Datsyuk wins face-off versus Valtteri Filppula in neutral zone.
0:10 of 2nd period - Shot by Henrik Zetterberg.
0:10 of 2nd period - Shot Blocked by Justin Schultz.
0:58 of 2nd period - Icing by Nick Schultz.
0:59 of 2nd period - Valtteri Filppula wins face-off versus Nathan MacKinnon in Devils zone.
0:59 of 2nd period - Valtteri Filppula is hit by Blake Wheeler.
1:22 of 2nd period - James Neal is hit by Danny DeKeyser and loses puck.
1:28 of 2nd period - Icing by Danny DeKeyser.
1:29 of 2nd period - Nathan MacKinnon wins face-off versus Mikko Koivu in Panthers zone.
1:29 of 2nd period - Nathan MacKinnon is hit by Mikko Koivu.
1:45 of 2nd period - Shot by Patrick Kane.
1:45 of 2nd period - Stopped by Corey Crawford without a rebound.
1:46 of 2nd period - Tyler Johnson wins face-off versus Jori Lehtera in Devils zone.
2:03 of 2nd period - Shot by Curtis Glencross.
2:03 of 2nd period - Shot Hit the Post.
2:30 of 2nd period - Off-side.
2:31 of 2nd period - Nathan MacKinnon wins face-off versus Mikko Koivu in neutral zone.
2:36 of 2nd period - Shot by Patrick Kane.
2:36 of 2nd period - Shot Misses the Net.
3:51 of 2nd period - Shot by Vladimir Tarasenko.
3:51 of 2nd period - Shot Misses the Net.
3:55 of 2nd period - Shot by Vladimir Tarasenko.
3:55 of 2nd period - Stopped by Corey Crawford without a rebound.
3:56 of 2nd period - Jori Lehtera wins face-off versus Tyler Johnson in Devils zone.
4:07 of 2nd period - Shot by Marko Dano.
4:07 of 2nd period - Deflect By Jori Lehtera.
4:07 of 2nd period - Shot Misses the Net.
4:31 of 2nd period - Johan Franzen is hit by Mark Borowiecki and loses puck.
4:37 of 2nd period - Minor Penalty to Mark Borowiecki for Hooking.
4:38 of 2nd period - Valtteri Filppula wins face-off versus Eric Nystrom in Panthers zone.
4:51 of 2nd period - Shot by Drew Stafford.
4:51 of 2nd period - Shot Misses the Net.
4:55 of 2nd period - Shot by Drew Stafford.
4:55 of 2nd period - Shot Blocked by T.J. Brodie.
5:46 of 2nd period - Shot by Dougie Hamilton.
5:46 of 2nd period - Shot Misses the Net.
5:48 of 2nd period - Shot by Dougie Hamilton.
5:48 of 2nd period - Stopped by Semyon Varlamov without a rebound.
5:49 of 2nd period - Pavel Datsyuk wins face-off versus Mikko Koivu in Panthers zone.
6:10 of 2nd period - Shot by Dan Hamhuis.
6:10 of 2nd period - Shot Misses the Net.
6:12 of 2nd period - Shot by Dan Hamhuis.
6:12 of 2nd period - Stopped by Semyon Varlamov with a rebound.
6:16 of 2nd period - Shot by Tyler Johnson.
6:16 of 2nd period - Stopped by Semyon Varlamov without a rebound.
6:17 of 2nd period - Pavel Datsyuk wins face-off versus Valtteri Filppula in Panthers zone.
6:44 of 2nd period - Icing by Jeff Petry.
6:45 of 2nd period - Jori Lehtera wins face-off versus Valtteri Filppula in Panthers zone.
7:04 of 2nd period - Shot by Curtis Glencross.
7:04 of 2nd period - Deflect By Marko Dano.
7:04 of 2nd period - Shot Blocked by Justin Schultz.
7:43 of 2nd period - Icing by Danny DeKeyser.
7:44 of 2nd period - Mikko Koivu wins face-off versus Pavel Datsyuk in Panthers zone.
8:55 of 2nd period - Shot by James Neal.
8:55 of 2nd period - Shot Hit the Post.
8:57 of 2nd period - Shot by James Neal.
8:57 of 2nd period - Shot Blocked by T.J. Brodie.
8:59 of 2nd period - Shot by James Neal.
8:59 of 2nd period - Shot Misses the Net.
9:31 of 2nd period - Icing by Anton Stralman.
9:32 of 2nd period - Tyler Johnson wins face-off versus Nathan MacKinnon in Devils zone.
10:55 of 2nd period - Icing by Mark Borowiecki.
10:56 of 2nd period - Johan Franzen wins face-off versus Jori Lehtera in Panthers zone.
11:01 of 2nd period - Shot by James Neal.
11:01 of 2nd period - Stopped by Semyon Varlamov without a rebound.
11:02 of 2nd period - Riley Nash wins face-off versus Mikko Koivu in Panthers zone.
11:02 of 2nd period - Riley Nash is hit by Drew Stafford.
11:07 of 2nd period - Minor Penalty to Drew Stafford for Tripping.
11:08 of 2nd period - Tyler Johnson wins face-off versus Nathan MacKinnon in Devils zone.
11:56 of 2nd period - Shot by Mikko Koivu.
11:56 of 2nd period - Shot Misses the Net.
11:58 of 2nd period - Shot by Anton Stralman.
11:58 of 2nd period - Stopped by Semyon Varlamov without a rebound.
11:59 of 2nd period - Tyler Johnson wins face-off versus Pavel Datsyuk in Panthers zone.
12:04 of 2nd period - Shot by Tyler Johnson.
12:04 of 2nd period - Stopped by Semyon Varlamov without a rebound.
12:05 of 2nd period - Tyler Johnson wins face-off versus Pavel Datsyuk in Panthers zone.
12:12 of 2nd period - Shot by Valtteri Filppula.
12:12 of 2nd period - Shot Blocked by Kyle Quincey.
12:29 of 2nd period - Icing by Kyle Quincey.
12:30 of 2nd period - Pavel Datsyuk wins face-off versus Tyler Johnson in Panthers zone.
12:57 of 2nd period - Shot by Vladimir Tarasenko.
12:57 of 2nd period - Shot Misses the Net.
12:59 of 2nd period - Shot by Kyle Quincey.
12:59 of 2nd period - Shot Misses the Net.
14:05 of 2nd period - Blake Wheeler is hit by Brandon Sutter and loses puck.
14:19 of 2nd period - Icing by Kyle Quincey.
14:20 of 2nd period - Nathan MacKinnon wins face-off versus Valtteri Filppula in Panthers zone.
14:20 of 2nd period - Nathan MacKinnon is hit by Darren Helm.
14:25 of 2nd period - Patrick Kane is hit by Dan Hamhuis and loses puck.
14:40 of 2nd period - Patrick Kane is hit by Dan Hamhuis and loses puck.
15:05 of 2nd period - Shot by Tommy Wingels.
15:05 of 2nd period - Shot Misses the Net.
15:10 of 2nd period - Minor Penalty to Tommy Wingels for Elbowing.
15:11 of 2nd period - Tyler Johnson wins face-off versus Pavel Datsyuk in Devils zone.
15:11 of 2nd period - Tyler Johnson is hit by Pavel Datsyuk.
15:39 of 2nd period - Shot by Danny DeKeyser.
15:39 of 2nd period - Shot Misses the Net.
17:07 of 2nd period - Icing by T.J. Brodie.
17:08 of 2nd period - Tyler Johnson wins face-off versus Pavel Datsyuk in Panthers zone.
17:19 of 2nd period - Shot by Jori Lehtera.
17:19 of 2nd period - Stopped by Corey Crawford without a rebound.
17:20 of 2nd period - Riley Nash wins face-off versus Tyler Johnson in Devils zone.
17:29 of 2nd period - Shot by Pierre-Edouard Bellemare.
17:29 of 2nd period - Shot Misses the Net.
17:31 of 2nd period - Shot by Eric Nystrom.
17:31 of 2nd period - Stopped by Corey Crawford with a rebound.
17:36 of 2nd period - Icing by Dougie Hamilton.
17:37 of 2nd period - Tyler Johnson wins face-off versus Jori Lehtera in Devils zone.
17:42 of 2nd period - Mark Borowiecki is hit by James Neal and loses puck.
17:57 of 2nd period - Shot by Johan Franzen.
17:57 of 2nd period - Deflect By James Neal.
17:57 of 2nd period - Shot Blocked by Mark Borowiecki.
18:31 of 2nd period - Shot by Drew Stafford.
18:31 of 2nd period - Shot Hit the Post.
19:40 of 2nd period - Icing by Nick Schultz.
19:41 of 2nd period - Pavel Datsyuk wins face-off versus Valtteri Filppula in Devils zone.
Goals for this period are 0 for Panthers vs 0 for Devils.
Shots for this period are 4 for Panthers vs 6 for Devils.

3rd period


0:01 of 3rd period - Pavel Datsyuk wins face-off versus Tyler Johnson in neutral zone.
0:10 of 3rd period - Shot by James Neal.
0:10 of 3rd period - Shot Misses the Net.
0:12 of 3rd period - Shot by James Neal.
0:12 of 3rd period - Stopped by Semyon Varlamov without a rebound.
0:13 of 3rd period - Mikko Koivu wins face-off versus Nathan MacKinnon in Panthers zone.
0:20 of 3rd period - Shot by Drew Stafford.
0:20 of 3rd period - Stopped by Semyon Varlamov without a rebound.
0:21 of 3rd period - Tyler Johnson wins face-off versus Pavel Datsyuk in Panthers zone.
0:42 of 3rd period - Shot by Henrik Zetterberg.
0:42 of 3rd period - Stopped by Corey Crawford without a rebound.
0:43 of 3rd period - Mikko Koivu wins face-off versus Nathan MacKinnon in Devils zone.
0:49 of 3rd period - Shot by Drew Stafford.
0:49 of 3rd period - Shot Misses the Net.
0:55 of 3rd period - Shot by Mikko Koivu.
0:55 of 3rd period - Shot Misses the Net.
0:59 of 3rd period - Shot by Brandon Sutter.
0:59 of 3rd period - Stopped by Semyon Varlamov without a rebound.
1:00 of 3rd period - Tyler Johnson wins face-off versus Pavel Datsyuk in Panthers zone.
1:15 of 3rd period - Shot by Vladimir Tarasenko.
1:15 of 3rd period - Deflect By Pavel Datsyuk.
1:15 of 3rd period - Shot Blocked by James Neal.
1:37 of 3rd period - Shot by Vladimir Tarasenko.
1:37 of 3rd period - Shot Misses the Net.
1:43 of 3rd period - Shot by Henrik Zetterberg.
1:43 of 3rd period - Shot Blocked by Tyler Johnson.
2:12 of 3rd period - Dan Hamhuis is hit by Danny DeKeyser and loses puck.
2:25 of 3rd period - Shot by Brandon Sutter.
2:25 of 3rd period - Shot Misses the Net.
2:27 of 3rd period - Shot by Dan Hamhuis.
2:27 of 3rd period - Stopped by Semyon Varlamov without a rebound.
2:28 of 3rd period - Jori Lehtera wins face-off versus Valtteri Filppula in Panthers zone.
2:55 of 3rd period - Shot by Marko Dano.
2:55 of 3rd period - Stopped by Corey Crawford without a rebound.
2:56 of 3rd period - Mikko Koivu wins face-off versus Pavel Datsyuk in Devils zone.
3:39 of 3rd period - Icing by Drew Stafford.
3:40 of 3rd period - Nathan MacKinnon wins face-off versus Mikko Koivu in Devils zone.
4:07 of 3rd period - Shot by Blake Wheeler.
4:07 of 3rd period - Stopped by Corey Crawford without a rebound.
4:08 of 3rd period - Tyler Johnson wins face-off versus Jori Lehtera in Devils zone.
4:08 of 3rd period - Tyler Johnson is hit by Marko Dano.
4:26 of 3rd period - Shot by Tyler Johnson.
4:26 of 3rd period - Shot Blocked by Mark Borowiecki.
4:28 of 3rd period - Shot by Dougie Hamilton.
4:28 of 3rd period - Shot Misses the Net.
4:30 of 3rd period - Shot by Dougie Hamilton.
4:30 of 3rd period - Stopped by Semyon Varlamov with a rebound.
4:49 of 3rd period - Shot by James Neal.
4:49 of 3rd period - Shot Misses the Net.
5:15 of 3rd period - Shot by Darren Helm.
5:15 of 3rd period - Shot Misses the Net.
5:17 of 3rd period - Shot by Valtteri Filppula.
5:17 of 3rd period - Stopped by Semyon Varlamov without a rebound.
5:18 of 3rd period - Nathan MacKinnon wins face-off versus Mikko Koivu in Panthers zone.
6:17 of 3rd period - Off-side.
6:18 of 3rd period - Pavel Datsyuk wins face-off versus Tyler Johnson in neutral zone.
6:20 of 3rd period - Kyle Quincey is hit by James Neal.
6:24 of 3rd period - Shot by Pavel Datsyuk.
6:24 of 3rd period - Shot Misses the Net.
6:26 of 3rd period - Shot by Vladimir Tarasenko.
6:26 of 3rd period - Goal by Vladimir Tarasenko - Panthers : 2 - Devils : 2.
6:27 of 3rd period - Pavel Datsyuk wins face-off versus Tyler Johnson in neutral zone.
6:38 of 3rd period - Shot by Pavel Datsyuk.
6:38 of 3rd period - Goal by Pavel Datsyuk - Panthers : 3 - Devils : 2.
6:39 of 3rd period - Riley Nash wins face-off versus Valtteri Filppula in neutral zone.
6:44 of 3rd period - Shot by Eric Nystrom.
6:44 of 3rd period - Goal by Eric Nystrom - Panthers : 4 - Devils : 2.
6:44 of 3rd period - Michal Neuvirth enters game.
6:45 of 3rd period - Tyler Johnson wins face-off versus Pavel Datsyuk in neutral zone.
6:47 of 3rd period - Dougie Hamilton is hit by Pavel Datsyuk and loses puck.
7:08 of 3rd period - Pavel Datsyuk is hit by Dougie Hamilton and loses puck.
7:17 of 3rd period - Shot by Vladimir Tarasenko.
7:17 of 3rd period - Stopped by Michal Neuvirth without a rebound.
7:18 of 3rd period - Nathan MacKinnon wins face-off versus Mikko Koivu in Devils zone.
7:48 of 3rd period - Minor Penalty to Brandon Sutter for Interference.
7:49 of 3rd period - Henrik Zetterberg wins face-off versus Tyler Johnson in Devils zone.
7:56 of 3rd period - Shot by Vladimir Tarasenko.
7:56 of 3rd period - Deflect By Henrik Zetterberg.
7:56 of 3rd period - Shot Misses the Net.
7:58 of 3rd period - Shot by Pavel Datsyuk.
7:58 of 3rd period - Shot Misses the Net.
8:00 of 3rd period - Shot by Pavel Datsyuk.
8:00 of 3rd period - Shot Blocked by Anton Stralman.
8:25 of 3rd period - Icing by Kyle Quincey.
8:26 of 3rd period - Tyler Johnson wins face-off versus Pavel Datsyuk in Panthers zone.
8:38 of 3rd period - Icing by Jeff Petry.
8:39 of 3rd period - Pavel Datsyuk wins face-off versus Valtteri Filppula in Panthers zone.
9:13 of 3rd period - Shot by Marc Staal.
9:13 of 3rd period - Shot Misses the Net.
9:15 of 3rd period - Shot by Blake Wheeler.
9:15 of 3rd period - Stopped by Michal Neuvirth without a rebound.
9:16 of 3rd period - Mikko Koivu wins face-off versus Nathan MacKinnon in Devils zone.
9:49 of 3rd period - Shot by Curtis Glencross.
9:49 of 3rd period - Shot Blocked by Justin Schultz.
10:50 of 3rd period - Nick Schultz is hit by Vladimir Tarasenko and loses puck.
10:57 of 3rd period - Vladimir Tarasenko is hit by Brandon Sutter and loses puck.
11:05 of 3rd period - Icing by Vladimir Tarasenko.
11:06 of 3rd period - Pavel Datsyuk wins face-off versus Tyler Johnson in Panthers zone.
11:08 of 3rd period - Icing by Henrik Zetterberg.
11:09 of 3rd period - Tyler Johnson wins face-off versus Pavel Datsyuk in Panthers zone.
11:14 of 3rd period - Shot by James Neal.
11:14 of 3rd period - Stopped by Semyon Varlamov without a rebound.
11:15 of 3rd period - Tyler Johnson wins face-off versus Nathan MacKinnon in Panthers zone.
11:15 of 3rd period - James Neal is hit by Kyle Quincey and loses puck.
11:57 of 3rd period - Shot by James Neal.
11:57 of 3rd period - Stopped by Semyon Varlamov without a rebound.
11:58 of 3rd period - Valtteri Filppula wins face-off versus Pavel Datsyuk in Panthers zone.
12:13 of 3rd period - Shot by Tommy Wingels.
12:13 of 3rd period - Shot Misses the Net.
12:23 of 3rd period - Shot by Valtteri Filppula.
12:23 of 3rd period - Shot Misses the Net.
13:35 of 3rd period - Shot by Mikko Koivu.
13:35 of 3rd period - Shot Misses the Net.
13:45 of 3rd period - Shot by Mikko Koivu.
13:45 of 3rd period - Stopped by Semyon Varlamov without a rebound.
13:46 of 3rd period - Tyler Johnson wins face-off versus Nathan MacKinnon in Panthers zone.
13:46 of 3rd period - Tyler Johnson is hit by Kyle Quincey.
13:49 of 3rd period - Minor Penalty to Kyle Quincey for Hooking.
13:50 of 3rd period - Riley Nash wins face-off versus Tyler Johnson in Panthers zone.
14:25 of 3rd period - Shot by Tyler Johnson.
14:25 of 3rd period - Stopped by Semyon Varlamov without a rebound.
14:26 of 3rd period - Valtteri Filppula wins face-off versus Riley Nash in Panthers zone.
14:33 of 3rd period - Shot by Johan Franzen.
14:33 of 3rd period - Shot Misses the Net.
14:45 of 3rd period - Shot by Valtteri Filppula.
14:45 of 3rd period - Shot Blocked by Marc Staal.
15:01 of 3rd period - Shot by Dan Hamhuis.
15:01 of 3rd period - Shot Blocked by Eric Nystrom.
15:43 of 3rd period - Shot by James Neal.
15:43 of 3rd period - Shot Misses the Net.
15:45 of 3rd period - Shot by Tyler Johnson.
15:45 of 3rd period - Shot Blocked by Danny DeKeyser.
15:47 of 3rd period - Shot by Tyler Johnson.
15:47 of 3rd period - Stopped by Semyon Varlamov without a rebound.
15:48 of 3rd period - Riley Nash wins face-off versus Mikko Koivu in Panthers zone.
16:21 of 3rd period - Shot by Jori Lehtera.
16:21 of 3rd period - Shot Blocked by Valtteri Filppula.
16:34 of 3rd period - Icing by Justin Schultz.
16:35 of 3rd period - Ales Hemsky wins face-off versus Blake Wheeler in Devils zone.
16:35 of 3rd period - Ales Hemsky is hit by Blake Wheeler.
16:51 of 3rd period - Shot by Blake Wheeler.
16:51 of 3rd period - Stopped by Michal Neuvirth without a rebound.
16:52 of 3rd period - Tyler Johnson wins face-off versus Pavel Datsyuk in Devils zone.
17:05 of 3rd period - Shot by Henrik Zetterberg.
17:05 of 3rd period - Shot Misses the Net.
17:07 of 3rd period - Shot by T.J. Brodie.
17:07 of 3rd period - Stopped by Michal Neuvirth without a rebound.
17:08 of 3rd period - Mikko Koivu wins face-off versus Nathan MacKinnon in Devils zone.
17:08 of 3rd period - Mikko Koivu is hit by Blake Wheeler.
17:13 of 3rd period - Off-side.
17:14 of 3rd period - Tyler Johnson wins face-off versus Pavel Datsyuk in neutral zone.
17:33 of 3rd period - Shot by James Neal.
17:33 of 3rd period - Shot Blocked by Marc Staal.
18:13 of 3rd period - Shot by Mikko Koivu.
18:13 of 3rd period - Stopped by Semyon Varlamov without a rebound.
18:14 of 3rd period - Valtteri Filppula wins face-off versus Nathan MacKinnon in Panthers zone.
18:49 of 3rd period - Shot by Valtteri Filppula.
18:49 of 3rd period - Shot Blocked by Danny DeKeyser.
18:51 of 3rd period - Shot by Dougie Hamilton.
18:51 of 3rd period - Stopped by Semyon Varlamov without a rebound.
18:52 of 3rd period - Jori Lehtera wins face-off versus Mikko Koivu in Panthers zone.
19:28 of 3rd period - Shot by Mikko Koivu.
19:28 of 3rd period - Shot Blocked by Jeff Petry.
19:56 of 3rd period - Shot by Vladimir Tarasenko.
19:56 of 3rd period - Shot Misses the Net.
19:58 of 3rd period - Shot by Kyle Quincey.
19:58 of 3rd period - Shot Misses the Net.
Goals for this period are 3 for Panthers vs 0 for Devils.
Shots for this period are 10 for Panthers vs 13 for Devils.